 Dungeon Crawl Stone Soup version 0.28-a0-230-g086cc6695f (webtiles) character file.

Game seed: 18182474120699728411

56 Froggeryz the Cutter (level 3, -15/26 HPs)
             Began as an Octopode Chaos Knight on Aug 22, 2021.
             Was a Plaything of Xom.
             Demolished by an ogre (29 damage)
             ... on level 3 of the Dungeon.
             The game lasted 00:01:38 (1988 turns).

Froggeryz the Cutter (Octopode Chaos Knight)        Turns: 1988, Time: 00:01:39

Health: -15/26     AC:  1    Str: 11    XL:     3   Next: 95%
Magic:  3/3        EV: 13    Int: 14    God:    Xom [..*...]
Gold:   86         SH:  0    Dex: 12    Spells: 2/2 levels left

rFire   . . .      SeeInvis .   a - +0 short sword (chaos)
rCold   . . .      Faith    .   (no shield)
rNeg    . . .      Spirit   .   (helmet restricted)
rPois   .          Reflect  .   (no amulet)
rElec   .          Harm     .   (no ring)
rCorr   .          Rampage  .   (no ring)
Will    .....                   (no ring)
Stlth   +++.......              (no ring)
HPRegen 0.08/turn               (no ring)
MPRegen 0.08/turn               (no ring)
                                (no ring)
                                (no ring)

@: no status effects
A: almost no armour, amphibious, 8 rings, camouflage 1, gelatinous body 1,
(nimble swimmer 1), tentacles
a: Renounce Religion


You were on level 3 of the Dungeon.
You worshipped Xom.
You were a toy of Xom.
You visited 1 branch of the dungeon, and saw 3 of its levels.

You collected 86 gold pieces.

Inventory:

Hand Weapons
 a - a +0 short sword of chaos (weapon)
Missiles
 d - 15 poisoned darts (quivered)
 i - 14 sling bullets
 j - 22 stones
Scrolls
 b - 2 scrolls of identify {unknown}
 e - a scroll of summoning {unknown}
 f - 2 scrolls of teleportation {unknown}
 k - a scroll of blinking {unknown}
Potions
 c - a potion of lignification {unknown}
 g - a potion of curing {unknown}
 h - a potion of ambrosia {unknown}


   Skills:
 - Level 3.0 Fighting
 * Level 4.2 Short Blades
 - Level 2.3 Dodging
 + Level 2.6 Stealth


You had 2 spell levels left.
You didn't know any spells.
Your spell library was empty.

Dungeon Overview and Level Annotations

Branches:
Dungeon (3/15)

Altars:


Innate Abilities, Weirdness & Mutations

You cannot wear most types of armour.
You are amphibious.
You can wear up to eight rings at the same time.
Your skin changes colour to match your surroundings (Stealth+).
Your rubbery body absorbs attacks. (AC +1, EV +1)
((You are camouflaged near water. (Stealth+)))
You have tentacles for arms and can constrict up to eight enemies at once.


Message History

You kill the kobold!
No target in view!
No target in view!
No target in view!
No target in view!
You see here a +0 dagger.
Found a scroll labelled DAGREDW XEZOWK.
Found 8 gold pieces.
No target in view!
No target in view!
k - a scroll labelled DAGREDW XEZOWK You now have 86 gold pieces (gained 8).
You open the door.
There is an open door here.
You open the door.
Xom smirks.
You detect creatures!
Found a stone staircase leading up.
An ogre comes into view. It is wielding a +0 giant club.
The ogre shouts!
An ogre is nearby!
The ogre barely misses you.
You hit the ogre but do no damage.
The ogre flickers and vanishes!
Deactivating autopickup; reactivate with Ctrl-A.
Your squeeze misses something.
No target in view!
No target in view!
No target in view!
No target in view!
No target in view!
There is a strange disturbance nearby!
No target in view!
There is a strange disturbance nearby!
No target in view!
No target in view!
You hit something. You squeeze something! Something hits you!
You hit something but do no damage. Something hits you!!
Ouch! That really hurt!
You die...
Xom chortles!

#.###...#.##.##.....#...+.
#.#..........#......#..##.
##.#####+#.####.##.#.#>....
#............##. #.#.##.#.#
#######......## #.#.##.#.#
#.......# #.#)##.#.#
#.......# #.##.#.#
#.......# #.##.#.#
#...@...# #.#.##.#.#
#....{..# #.#.##+#.#
#.......# #........#
#.#####.# #........# #.. .#
#........# ## . .#......>.#
............ +#######'###
#.....#


There were no monsters in sight!

Vanquished Creatures
  A worm (D:2)
  A dart slug (D:2)
  2 endoplasms
  6 goblins
  6 hobgoblins
  7 jackals
  4 kobolds
  4 quokkas
  3 ball pythons
  4 bats
  3 frilled lizards (D:1)
  A rat (D:2)
42 creatures vanquished.

Notes
Turn   | Place    | Note
-------+----------+-------------------------------------------
     0 | D:1      | Froggeryz the Octopode Chaos Knight began the quest for the
                  | Orb.
     0 | D:1      | Reached XP level 1. HP: 16/16 MP: 1/1
   168 | D:1      | Reached skill level 1 in Stealth
   186 | D:1      | Reached XP level 2. HP: 21/21 MP: 2/2
   230 | D:1      | XOM: silly message
   479 | D:1      | Found a faded altar of an unknown god.
   503 | D:2      | XOM: stealth player
   574 | D:2      | Reached XP level 3. HP: 22/26 MP: 3/3
   649 | D:2      | XOM: 1-stop teleportation journey
  1031 | D:2      | Reached skill level 4 in Short Blades
  1208 | D:2      | XOM: potion effect (curing)
  1430 | D:2      | XOM: silly message
  1881 | D:3      | XOM: divination: detect creatures
  1982 | D:3      | Noticed an ogre
  1988 | D:3      | Demolished by an ogre

Illustrated notes

Levels and vault maps discovered:
D:1:      shiori_shiawase, layout_rooms,
          dreamdust_ecumenical_altar_hidden_monk_grotto, feat_on_display
D:2:      layout_basic
D:3:      layout_basic, minmay_quadrilaterals

Skill      XL: |  1  2  3 |
---------------+----------+-----
Stealth        | 1 2 |  2.6
Short Blades   | 4 |  4.2
Fighting       | |  3.0
Dodging        | |  2.3

Action                   || total
-------------------------++-------
Melee: Short sword       ||    87
       Constrict         ||    18
       Tentacles         ||    16
 Stab: Sleeping          ||     7
       Paralysed         ||     1
Armor: Skin              ||     8
Dodge: Dodged            ||    49

Table legend: (Time is in decaauts)
 A = Elapsed time spent in this place.
 B = Non-inter-level travel time spent in this place.
 C = Inter-level travel time spent in this place.
 D = Time resting spent in this place.
 E = Time spent auto-exploring this place.
 F = Levels seen in this place.
 G = Mean time per level.
                   A        B        C        D        E       F      G
               +--------+--------+--------+--------+--------+-----+--------+
         Total |   1980 |   1869 |    111 |      0 |   1572 |   3 |  660.0 |
       Dungeon |   1980 |   1869 |    111 |      0 |   1572 |   3 |  660.0 |
               +--------+--------+--------+--------+--------+-----+--------+

Top non-repeatable levels by time:
     D:2: 1149 daAuts
     D:1: 501 daAuts
     D:3: 329 daAuts
